 Dungeon Crawl Stone Soup version 0.31-a0-532-g28f74ba3e5 (webtiles) character file.

Game seed: 8720769554529891791

4559 duskshroud the Cleaver (level 10, -13/94 HPs)
             Began as a Minotaur Berserker on Aug 12, 2023.
             Was a Priest of Trog.
             Mangled by a death yak (21 damage)
             ... on level 7 of the Dungeon.
             The game lasted 00:12:55 (6015 turns).

duskshroud the Cleaver (Minotaur Berserker)         Turns: 6015, Time: 00:12:56

Health: -13/94     AC: 11    Str: 22    XL:     10   Next: 18%
Magic:  9/9        EV: 14    Int:  4    God:    Trog [***...]
Gold:   416        SH:  0    Dex: 14    Spells: 9/9 levels left

rFire   . . .        o - +0 broad axe
rCold   . . .        (no shield)
rNeg    . . .        m - +2 steam dragon scales
rPois   .            (helmet restricted)
rElec   .            u - +2 cloak
rCorr   .            (no gloves)
SInv    .            (no boots)
Will    .....        (no amulet)
Stlth   +            (no ring)
HPRegen 0.35/turn    (no ring)
MPRegen 0.11/turn

%: no passive effects
@: on berserk cooldown, slowed, very slow
A: horns 2, retaliatory headbutt
a: Renounce Religion, Berserk, Trog's Hand


You were on level 7 of the Dungeon.
You worshipped Trog.
Trog was most pleased with you.
You visited 1 branch of the dungeon, and saw 8 of its levels.

You collected 416 gold pieces.

Inventory:

Hand Weapons
 n - a +0 war axe
 o - a +0 broad axe (weapon)
 D - a +0 orcbow
Missiles
 g - 38 poisoned darts
 x - a throwing net
 y - a curare-tipped dart
Armour
 m - +2 steam dragon scales (worn)
 u - a +2 cloak (worn)
Jewellery
 A - a ring of flight
Wands
 a - a wand of charming (9)
 v - a wand of quicksilver (9)
 z - a wand of flame (11)
 C - a wand of digging (4)
Scrolls
 b - 2 scrolls of immolation {unknown}
 c - 11 scrolls of identify {unknown}
 i - 4 scrolls of teleportation {unknown}
 l - 3 scrolls of silence {unknown}
 p - a scroll of noise {unknown}
 s - a scroll of vulnerability {unknown}
 t - 2 scrolls of fear {unknown}
 w - a scroll of enchant weapon {unknown}
 E - a scroll of butterflies {unknown}
Potions
 d - a potion of might {unknown}
 e - 7 potions of degeneration {unknown}
 f - 3 potions of curing {unknown}
 h - 3 potions of lignification {unknown}
 j - 4 potions of invisibility {unknown}
 k - 2 potions of heal wounds {unknown}
 q - 2 potions of resistance {unknown}
 r - 2 potions of mutation {unknown}
 B - a potion of berserk rage {unknown}


   Skills:
 + Level 10.4 Fighting
 * Level 13.7 Axes
 - Level 5.0 Armour
 + Level 4.8 Dodging


You had 9 spell levels left.
You didn't know any spells.
Your spell library was empty.

Dungeon Overview and Level Annotations

Branches:
Dungeon (8/15)             Temple (0/1) D:5
   Lair: D:8-11

Altars:
Kikubaaqudgha
Okawaru
Ru
Trog
Uskayaw
Yredelemnul


Innate Abilities, Weirdness & Mutations

You have a pair of horns on your head.
You reflexively headbutt those who attack you in melee.


Message History

You slash the death yak! You headbutt the death yak.
The death yak is lightly wounded.
You barely miss the death yak. You slash the death yak! You hit the death yak.
The death yak is moderately wounded.
You barely miss the death yak. You hit the death yak.
The death yak gores you! x3
You slice the death yak!!
The death yak is heavily wounded.
You slash the death yak! x2
You hit the death yak but do no damage.
The death yak is lightly wounded.
The death yak gores you.
You slash the death yak! Your headbutt misses the death yak.
The death yak is moderately wounded.
You barely miss the death yak.
The death yak is moderately wounded.
You are no longer berserk.
You are exhausted.
You feel yourself slow down. The death yak closely misses you.
You hit the death yak but do no damage.
The death yak is moderately wounded.
The death yak completely misses you.
You slice the death yak!!
The death yak is severely wounded.
The death yak barely misses you. The death yak gores you!
* * * LOW HITPOINT WARNING * * *
The death yak attacks as you move away! The death yak gores you!
* * * LOW HITPOINT WARNING * * *
The death yak gores you!
* * * LOW HITPOINT WARNING * * *
The death yak barely misses you.
The death yak gores you but does no damage.
There is a stone staircase leading up here.
The death yak gores you.
* * * LOW HITPOINT WARNING * * *
You climb upwards.
There is a stone staircase leading down here.
The death yak misses you. The death yak gores you!!
You die...

.##.## ##.#.##.##>..##.### #.#
.#...####.#.##.##...##...# #.#
..........#.........####.# #.#
##...###..#..#.##.#.# #.# #.#
##.## #..#..#.##.#.####.###.#
#.# #..#.......#..........#
#.####..##.>.#######)......####
#.......##.#.#######)#.###.#...
######.##.###Y@...)).#.###.#...
#.###.#.#########.##...... #.#
#...#########.#.#.#...
#.###..............###....
#...........#######.#.###.
############# ##.###.. #......
#####.# #.#


You could see a death yak.

Vanquished Creatures
  3 death yaks (D:8)
  A manticore (D:6)
  Maggie (D:6)
  2 water moccasins
  An orc warrior (D:7)
  A sky beast (D:6)
  4 black bears
  3 centaurs (D:7)
  A phantom (D:6)
  3 kobold brigands (D:7)
  A bullfrog (D:7)
  3 scorpions
  A wight (D:7)
  5 hounds
  5 jellies
  Crazy Yiuf (D:5)
  A gnoll bouda (D:5)
  An orc priest (D:3)
  An iguana (D:5)
  2 orc wizards (D:5)
  3 gnolls (D:5)
  4 adders
  A shadow imp (D:5)
  An ufetubus (D:4)
  2 worms
  14 orcs
  10 endoplasms
  4 giant cockroaches
  5 goblins
  11 hobgoblins
  22 kobolds
  4 quokkas
  6 ball pythons
  14 bats
  3 frilled lizards
  3 rats
148 creatures vanquished.

Notes
Turn   | Place    | Note
-------+----------+-------------------------------------------
     0 | D:1      | duskshroud the Minotaur Berserker began the quest for the
                  | Orb.
     0 | D:1      | Reached XP level 1. HP: 19/19 MP: 0/0
   225 | D:1      | Reached skill level 4 in Axes
   408 | D:1      | Reached XP level 2. HP: 27/27 MP: 1/1
   660 | D:1      | Reached XP level 3. HP: 19/33 MP: 2/2
   663 | D:1      | Found a faded altar of an unknown god.
   693 | D:1      | Reached ** piety under Trog
  1125 | D:2      | Reached skill level 5 in Axes
  1501 | D:3      | Reached XP level 4. HP: 41/41 MP: 3/3
  1872 | D:3      | Reached skill level 6 in Axes
  1960 | D:3      | Reached XP level 5. HP: 40/47 MP: 4/4
  2237 | D:3      | Reached skill level 5 in Fighting
  2240 | D:3      | Found a sacrificial altar of Ru.
  2346 | D:4      | Reached *** piety under Trog
  2581 | D:4      | Found the +8 autumn katana {manifold assault}
  2615 | D:4      | Noticed a black bear
  2620 | D:4      | Killed a black bear
  2621 | D:4      | Reached skill level 7 in Axes
  2621 | D:4      | Reached XP level 6. HP: 56/56 MP: 5/5
  3146 | D:4      | Found an ancient bone altar of Kikubaaqudgha.
  3146 | D:4      | Found a bloodstained altar of Trog.
  3230 | D:5      | Entered Level 5 of the Dungeon
  3402 | D:5      | Reached skill level 8 in Axes
  3402 | D:5      | Reached XP level 7. HP: 32/63 MP: 6/6
  3402 | D:5      | Found a basalt altar of Yredelemnul.
  3876 | D:5      | Found a runed translucent door.
  3877 | D:5      | Noticed Crazy Yiuf
  3882 | D:5      | Killed Crazy Yiuf
  3883 | D:5      | Reached skill level 9 in Axes
  4168 | D:5      | Found a staircase to the Ecumenical Temple.
  4309 | D:6      | Noticed Maggie
  4334 | D:6      | Killed Maggie
  4335 | D:6      | Reached skill level 10 in Axes
  4335 | D:6      | Reached XP level 8. HP: 36/74 MP: 7/7
  4486 | D:6      | Noticed a manticore
  4506 | D:6      | Killed a manticore
  4507 | D:6      | Reached skill level 11 in Axes
  4716 | D:6      | Reached XP level 9. HP: 69/83 MP: 8/8
  4744 | D:6      | Reached skill level 12 in Axes
  4749 | D:6      | Found an iron altar of Okawaru.
  5624 | D:7      | Found a hide-covered altar of Uskayaw.
  5624 | D:7      | Noticed a +0 short sword
  5624 | D:7      | Noticed a +0 falchion
  5625 | D:7      | Noticed a +0 short sword
  5625 | D:7      | Noticed a +0 spear
  5625 | D:7      | Noticed a +0 falchion
  5626 | D:7      | Noticed a +0 dagger
  5628 | D:7      | Noticed a +0 dagger
  5628 | D:7      | Noticed a +0 spear
  5910 | D:8      | Noticed a death yak
  5927 | D:8      | Killed a death yak
  5928 | D:8      | Reached skill level 13 in Axes
  5973 | D:8      | Noticed a death yak
  5973 | D:8      | Noticed a death yak
  5973 | D:8      | Noticed a death yak
  5986 | D:8      | Noticed a death yak
  5987 | D:8      | Noticed a death yak
  5987 | D:8      | Noticed a death yak
  5989 | D:8      | Killed a death yak
  5990 | D:8      | Reached skill level 10 in Fighting
  5990 | D:8      | Reached XP level 10. HP: 93/93 MP: 9/9
  5990 | D:8      | Noticed a death yak
  5994 | D:8      | Killed a death yak
  5995 | D:8      | Reached skill level 5 in Armour
  6015 | D:7      | Mangled by a death yak

Illustrated notes

Levels and vault maps discovered:
D:1:      doesnt_arrival_eight_statues, layout_loops_corners,
          hellmonk_ecumenical_altar_prayer_group
D:2:      layout_rooms
D:3:      layout_basic, marbit_many_paths, minmay_surrounded
D:4:      layout_loops_ring, nicolae_overflow_two_pavilions
D:5:      layout_gridville, mainiacjoe_overflow_chevrons, temple_hall,
          uniq_crazy_yiuf_cottage
D:6:      layout_rooms, okawaru_trees_2, uniq_maggie
D:7:      dreamdust_elfheim, layout_loops_ring, nicolae_uskayaw_en_pointe,
          kennysheep_generic_room_13
D:8:      layout_basic, nicolae_dithmenos_through_a_glass_darkly,
          mainiacjoe_overflow_small_starburst, slow_altar_2, dpeg_lair_monsters

Skill      XL: |  1  2  3  4  5  6  7  8  9 10 |
---------------+-------------------------------+-----
Axes           | 4 5 6 7 8 10 11 13 | 13.7
Fighting       | 4 5 6 7 9 10 | 10.4
Armour         | 4 5 |  5.0
Dodging        | 4 |  4.8

Action                     |  1- 3 |  4- 6 |  7- 9 | 10-12 || total
---------------------------+-------+-------+-------+-------++-------
  Melee: Hand axe          |    97 |    11 |       |       ||   108
         Headbutt          |     9 |    21 |    31 |     4 ||    65
         War axe           |       |    49 |       |       ||    49
         Punch             |       |     5 |     2 |       ||     7
         Broad axe         |       |    55 |   151 |    13 ||   219
 Invoke: Berserk           |       |     2 |     5 |       ||     7
         Trog's Hand       |       |       |     3 |       ||     3
   Stab: Sleeping          |     3 |       |     2 |       ||     5
 Armour: Animal skin       |    22 |       |       |       ||    22
         Chain mail        |     3 |    67 |    19 |       ||    89
         Steam dragon scal |       |       |    39 |     2 ||    41
  Dodge: Dodged            |    78 |    51 |    81 |     6 ||   216

Table legend: (Time is in decaauts)
 A = Elapsed time spent in this place.
 B = Non-inter-level travel time spent in this place.
 C = Inter-level travel time spent in this place.
 D = Time resting spent in this place.
 E = Time spent auto-exploring this place.
 F = Levels seen in this place.
 G = Mean time per level.
                   A        B        C        D        E       F      G
               +--------+--------+--------+--------+--------+-----+--------+
         Total |   6112 |   5950 |    162 |   1060 |   3823 |   8 |  764.0 |
       Dungeon |   6112 |   5950 |    162 |   1060 |   3823 |   8 |  764.0 |
               +--------+--------+--------+--------+--------+-----+--------+

Top non-repeatable levels by time:
     D:7: 1047 daAuts
     D:5: 1042 daAuts
     D:1: 990 daAuts
     D:3: 974 daAuts
     D:4: 906 daAuts
     D:6: 679 daAuts
     D:2: 389 daAuts
     D:8: 82 daAuts
